 Dungeon Crawl Stone Soup version 0.31-a0-1059-g83d41fd8b6 (webtiles) character file.

Game seed: 14717250316162827226

15782 Nedwor the Severer (level 12, -6/112 HPs)
             Began as a Minotaur Gladiator on Nov 14, 2023.
             Was an Elder of Uskayaw.
             Mangled by BinkBink's ghost (24 damage)
             ... on level 11 of the Dungeon on Nov 21, 2023.
             The game lasted 00:21:13 (10985 turns).

Nedwor the Severer (Minotaur Gladiator)            Turns: 10985, Time: 00:21:14

Health: -6/112     AC: 21    Str: 23    XL:     12   Next: 4%
Magic:  11/11      EV:  8    Int:  7    God:    Uskayaw [****..]
Gold:   687        SH:  0    Dex: 13    Spells: 11/11 levels left

rFire   . . .        u - +4 battleaxe
rCold   + . .        (shield currently unavailable)
rNeg    . . .        q - +0 plate armour
rPois   .            c - +1 hat
rElec   .            H - +1 cloak
rCorr   +            F - +0 pair of gloves
SInv    +            G - +0 pair of boots
Will    +....        l - amulet of regeneration Stlth
                     v - ring of resist corrosion
HPRegen 1.18/turn    K - ring of the Mutiny {Drain rC+ Will+ Int+2 SInv}
MPRegen 0.12/turn

%: no passive effects
@: hasted and slowed
A: horns 2, retaliatory headbutt
a: Renounce Religion, Stomp, Line Pass


You were on level 11 of the Dungeon.
You worshipped Uskayaw.
Uskayaw was noncommittal.
You visited 2 branches of the dungeon, and saw 12 of its levels.
You also visited: Sewer and Ossuary.

You collected 687 gold pieces.

Inventory:

Hand Weapons
 u - a +4 battleaxe (weapon)
Armour
 c - a +1 hat (worn)
 q - a +0 plate armour (worn)
 F - a +0 pair of gloves (worn)
 G - a +0 pair of boots (worn)
 H - a +1 cloak (worn)
Jewellery
 l - an amulet of regeneration (around neck)
 v - a ring of resist corrosion (left hand)
 w - a ring of fire
 E - a ring of willpower
 J - a ring of ice
 K - the ring of the Mutiny (right hand) {Drain rC+ Will+ Int+2 SInv}
   (You found it on level 9 of the Dungeon)

   [ring of protection from cold]

   Int+2:     It affects your intelligence (+2).
   rC+:       It protects you from cold.
   Will+:     It increases your willpower.
   SInv:      It lets you see invisible.
   Drain:     It drains your maximum health when unequipped.
Wands
 h - a wand of quicksilver (15)
 s - a wand of flame (33)
 y - a wand of roots (11)
 A - a wand of polymorph (3)
 M - a wand of mindburst (7)
 O - a wand of charming (17)
Scrolls
 a - a scroll of butterflies {unknown}
 d - a scroll of fear {unknown}
 j - 2 scrolls of fog
 k - 4 scrolls of teleportation
 t - a scroll of blinking
 C - 2 scrolls of poison
 N - a scroll of enchant weapon
Potions
 b - 2 potions of haste
 f - 5 potions of curing
 g - 2 potions of attraction
 i - 6 potions of heal wounds
 m - 3 potions of enlightenment
 n - 3 potions of invisibility
 o - 2 potions of cancellation
 p - 3 potions of resistance
 r - 4 potions of mutation
 x - 2 potions of brilliance
 z - a potion of lignification
 B - 3 potions of ambrosia {unknown}
 D - 3 potions of might {unknown}
 I - a potion of degeneration {unknown}


   Skills:
 + Level 12.0 Fighting
 * Level 16.7 Axes
 - Level 2.0 Throwing
 + Level 11.7 Armour
 - Level 3.2 Dodging


You had 11 spell levels left.
You didn't know any spells.
Your spell library contained the following spells:

 Spells                   Type           Power      Damage    Failure   Level
 Freeze                   Ice            0%         1d3       99%         1
 Shock                    Conj/Air       0%         1d3       99%         1
 Blink                    Tloc           0%         N/A       100%        2
 Cigotuvi's Dreadful Rot  Necr/Pois/Air  0%         N/A       100%        2
 Frozen Ramparts          Ice            0%         1d1       100%        3
 Hailstorm                Conj/Ice       0%         3d3       100%        3
 Ignite Poison            Fire/Tmut/Pois 0%         N/A       100%        3
 Swiftness                Air            0%         N/A       100%        3
 Airstrike                Air            0%         2d(0-16)  100%        4
 Cause Fear               Hex            0%         N/A       100%        4
 Dispel Undead            Necr           0%         3d6       100%        4
 Manifold Assault         Tloc           0%         N/A       100%        4
 Petrify                  Tmut/Erth      0%         N/A       100%        4
 Sticky Flame             Conj/Fire      0%         2d3       100%        4
 Fireball                 Conj/Fire      0%         3d3       100%        5
 Metabolic Englaciation   Hex/Ice        0%         N/A       100%        5
 Death Channel            Necr           0%         N/A       100%        6
 Ignition                 Fire           0%         3d3       100%        8
 Dragon's Call            Summ           0%         N/A       100%        9


Dungeon Overview and Level Annotations

Branches:
Dungeon (11/15)            Temple (1/1) D:7            Lair (0/5) D:9
    Orc (0/2) D:9           Sewer (visited)         Ossuary (visited)

Altars:
Ashenzari
Cheibriados
Dithmenos
Elyvilon
Fedhas
Gozag
Hepliaklqana
Kikubaaqudgha
Makhleb
Nemelex Xobeh
Okawaru
Qazlal
Ru
Sif Muna
Trog
Uskayaw
Vehumet
Wu Jian
Xom
Yredelemnul
Zin
The Shining One
Ignis

Shops:
D:4 [   D:8 *   D:10 :

Portals:
Trove: D:11 (show slimy rune of Zot)

Annotations:
D:11 BinkBink's ghost, journeyman TrFi


Innate Abilities, Weirdness & Mutations

You have a pair of horns on your head.
You reflexively headbutt those who attack you in melee.


Message History

You hit BinkBink's ghost but do no damage.
BinkBink's ghost is heavily damaged.
BinkBink's ghost barely misses you.
Unknown command.
You hit BinkBink's ghost but do no damage.
BinkBink's ghost is heavily damaged.
BinkBink's ghost barely misses you.
You feel much better.
BinkBink's ghost hits you but does no damage.
You hit BinkBink's ghost but do no damage.
BinkBink's ghost is heavily damaged.
BinkBink's ghost hits you but does no damage.
Unknown command.
You hit BinkBink's ghost but do no damage.
BinkBink's ghost is heavily damaged.
BinkBink's ghost hits you but does no damage.
Unknown command.
You slash BinkBink's ghost!
BinkBink's ghost is severely damaged.
BinkBink's ghost hits you!
* * * LOW HITPOINT WARNING * * *
Uskayaw will force your foes to share their pain.
Unknown command.
You slash BinkBink's ghost! Your headbutt misses BinkBink's ghost.
BinkBink's ghost is severely damaged.
BinkBink's ghost hits you!
* * * LOW HITPOINT WARNING * * *
Unknown command.
You hit BinkBink's ghost but do no damage.
BinkBink's ghost is severely damaged.
Unknown command.
You slice BinkBink's ghost!! Your headbutt misses BinkBink's ghost.
BinkBink's ghost is almost destroyed.
BinkBink's ghost closely misses you.
Unknown command.
You slash BinkBink's ghost!
You headbutt BinkBink's ghost, but do no damage.
BinkBink's ghost is almost destroyed.
BinkBink's ghost hits you!!
You die...

..#......#...............##......
..#......#...............##....##
..#<.....#...............##....#.
#.#......#######...#############.
#.#######......#.%.#############.
........#......#.....##...#....#.
........#..##........##...#....#.
........#..##........##...'....##
........#..####'@'#####...#....##
........#..##...W...# #...#....##
).......#..###.....## #...#....##
).).....#..##.......# #...#....##
#)..#####...##.[[$.###########'##
#...#......##..8.8..#.....##...##
....#......##########.....#.....#
....#.####.#......#.......#.....#
....#.####.'......#.......#.....#


You could see BinkBink's ghost.

Vanquished Creatures
  A two-headed ogre (D:11)
  A boulder beetle (D:11)
  A tengu warrior (D:9)
  Pikel (D:4)
  An ugly thing (D:9)
  2 cyclopes
  Maurice (D:9)
  2 elephants (D:9)
  Psyche (D:9)
  2 freezing wraiths (D:11)
  A komodo dragon (D:11)
  A tengu conjurer (D:9)
  Prince Ribbit (D:6)
  3 wraiths
  Sigmund (D:4)
  A slime creature (D:9)
  15 yaks
  2 wyverns
  3 steam dragons
  Eustachio (D:4)
  3 water moccasins
  Duvessa (D:4)
  3 black bears
  2 ice beasts
  6 orc warriors
  A sky beast (D:7)
  2 centaurs
  4 phantoms
  3 kobold brigands
  2 bullfrogs
  An elf zombie (Ossuary)
  2 gnoll sergeants
  4 scorpions
  23 wights
  Dowan (D:4)
  6 killer bees
  7 howler monkeys
  3 centaur zombies (Ossuary)
  7 orc priests
  3 hounds
  5 jellies
  Crazy Yiuf (D:6)
  A gnoll bouda (D:8)
  Ijyb (D:4)
  5 iguanas
  2 sleepcaps
  Natasha (thrice) (D:4)
  13 orc wizards
  2 ogre zombies (Ossuary)
  7 mummies (Ossuary)
  18 gnolls
  10 adders
  10 river rats
  A shadow imp (D:7)
  3 white imps
  6 adder zombies (Ossuary)
  8 worms
  2 dart slugs
  43 orcs
  10 ball pythons
  17 endoplasms
  2 giant cockroaches
  2 gnoll zombies (Ossuary)
  7 hobgoblins
  13 kobolds
  A quokka (D:4)
  3 bats (D:2)
  4 frilled lizards
  3 goblins
  4 goblin zombies (Ossuary)
  A hobgoblin zombie (Ossuary)
  4 kobold zombies (Ossuary)
  A quokka zombie (Ossuary)
  8 rats
  6 rat zombies (Ossuary)
353 creatures vanquished.

Notes
Turn   | Place    | Note
-------+----------+-------------------------------------------
     0 | D:1      | Nedwor the Minotaur Gladiator began the quest for the Orb.
     0 | D:1      | Reached XP level 1. HP: 18/18 MP: 0/0
    94 | D:1      | Reached skill level 4 in Axes
    94 | D:1      | Reached XP level 2. HP: 25/25 MP: 1/1
   171 | D:1      | Reached skill level 1 in Armour
   566 | D:2      | Reached XP level 3. HP: 30/31 MP: 2/2
  1045 | D:3      | Found an ornate altar of the Wu Jian Council.
  1187 | D:3      | Reached skill level 5 in Axes
  1187 | D:3      | Reached XP level 4. HP: 29/38 MP: 3/3
  1882 | D:3      | Found a radiant altar of Vehumet.
  2105 | D:4      | Noticed Natasha
  2109 | D:4      | Killed Natasha
  2110 | D:4      | Reached XP level 5. HP: 46/46 MP: 4/4
  2185 | D:4      | Noticed Natasha
  2194 | D:4      | Killed Natasha
  2195 | D:4      | Reached skill level 6 in Axes
  2300 | D:4      | Noticed Eustachio
  2319 | D:4      | Killed Eustachio
  2320 | D:4      | Reached XP level 6. HP: 49/53 MP: 5/5
  2343 | D:4      | Noticed Pikel
  2357 | D:4      | Killed Pikel
  2358 | D:4      | Reached skill level 5 in Fighting
  2358 | D:4      | Reached skill level 8 in Axes
  2358 | D:4      | Reached XP level 7. HP: 14/61 MP: 6/6
  2423 | D:4      | Noticed Ijyb
  2429 | D:4      | Killed Ijyb
  2487 | D:4      | Found Xaerai's Antique Armour Emporium.
  2516 | D:4      | Noticed Duvessa
  2520 | D:4      | Noticed Dowan
  2528 | D:4      | Killed Duvessa
  2529 | D:4      | Reached skill level 5 in Armour
  2529 | D:4      | Killed Dowan
  2533 | D:4      | HP: 3/62 [poisoned by Duvessa]
  2616 | D:4      | Noticed Natasha
  2623 | D:4      | Killed Natasha
  2626 | D:4      | Found a shimmering altar of Xom.
  2900 | D:4      | Noticed Sigmund
  2926 | D:4      | Killed Sigmund
  2927 | D:4      | Reached skill level 9 in Axes
  2927 | D:4      | Reached XP level 8. HP: 43/70 MP: 7/7
  2992 | D:5      | Entered Level 5 of the Dungeon
  3039 | D:5      | Found a glowing drain.
  3045 | Sewer    | Entered a sewer
  3232 | Sewer    | Found a viscous altar of Jiyva.
  3474 | D:5      | Reached skill level 10 in Axes
  3673 | D:5      | Found an iron altar of Okawaru.
  3713 | D:5      | Reached XP level 9. HP: 79/79 MP: 8/8
  4071 | D:6      | Found a glowing golden altar of the Shining One.
  4103 | D:6      | Reached skill level 11 in Axes
  4159 | D:6      | Noticed Prince Ribbit
  4182 | D:6      | Killed Prince Ribbit
  4194 | D:6      | Found a sand-covered staircase.
  4198 | Ossuary  | Entered an ossuary
  4389 | Ossuary  | Reached skill level 12 in Axes
  5622 | D:6      | Found a runed translucent door.
  5623 | D:6      | Noticed Crazy Yiuf
  5713 | D:6      | Reached XP level 10. HP: 74/85 MP: 9/9
  5876 | D:6      | Killed Crazy Yiuf
  6303 | D:7      | Reached skill level 13 in Axes
  6653 | D:7      | Found a staircase to the Ecumenical Temple.
  7088 | Temple   | Entered the Ecumenical Temple
  7270 | D:8      | Found a blossoming altar of Fedhas.
  7272 | D:8      | Found a hide-covered altar of Uskayaw.
  7315 | D:8      | Became a worshipper of Uskayaw the Reveller
  7328 | D:8      | Reached * piety under Uskayaw
  7331 | D:8      | Reached ** piety under Uskayaw
  7334 | D:8      | Upgraded the game from 0.31-a0-1009-g454b1f1e0a to
                  | 0.31-a0-1057-g70f3316b05
  7606 | D:8      | Reached *** piety under Uskayaw
  7609 | D:8      | Reached **** piety under Uskayaw
  7680 | D:8      | Reached skill level 14 in Axes
  7681 | D:8      | Reached skill level 10 in Fighting
  8024 | D:8      | Found Woat's Serpentskin Sales.
  8079 | D:9      | Found a staircase to the Orcish Mines.
  8392 | D:9      | Upgraded the game from 0.31-a0-1057-g70f3316b05 to
                  | 0.31-a0-1059-g83d41fd8b6
  8440 | D:9      | Noticed Maurice
  8442 | D:9      | Maurice stole 6 javelins
  8443 | D:9      | Maurice stole a +1 war axe
  8443 | D:9      | Maurice stole a ring of fire
  8445 | D:9      | Killed Maurice
  8465 | D:9      | Reached skill level 10 in Armour
  8555 | D:9      | Noticed Psyche
  8556 | D:9      | Noticed an elephant
  8558 | D:9      | Noticed an elephant
  8560 | D:9      | Killed Psyche
  8566 | D:9      | Reached XP level 11. HP: 82/101 MP: 10/10
  8566 | D:9      | Reached ***** piety under Uskayaw
  8658 | D:9      | Reached skill level 15 in Axes
  8671 | D:9      | Noticed a brown ugly thing
  8679 | D:9      | Killed a brown ugly thing
  8815 | D:9      | Identified the ring of the Mutiny {Drain rC+ Will+ Int+2
                  | SInv}
  8861 | D:9      | Found a hazy altar of Hepliaklqana.
  8984 | D:9      | Identified the staff "Luntaeff" {rElec Str-3 Dex+3 Earth}
  9120 | D:9      | Noticed a tengu warrior
  9132 | D:9      | Killed a tengu warrior
  9167 | D:9      | Found a staircase to the Lair.
  9332 | D:10     | Entered Level 10 of the Dungeon
  9349 | D:10     | Found Fytutok's Book Emporium.
  9427 | D:10     | Found a broken altar of Ashenzari.
  9542 | D:10     | Found a basalt altar of Yredelemnul.
  9990 | D:11     | Noticed a boulder beetle
 10003 | D:11     | Killed a boulder beetle
 10004 | D:11     | Reached skill level 16 in Axes
 10061 | D:11     | Found a runed translucent gate.
 10062 | D:11     | Found a runed translucent gate.
 10063 | D:11     | Found a runed translucent gate.
 10066 | D:11     | Noticed BinkBink's ghost (journeyman TrFi)
 10168 | D:11     | Noticed a two-headed ogre
 10174 | D:11     | Killed a two-headed ogre
 10495 | D:11     | Found a portal to a secret trove of treasure.
 10498 | D:11     | Found a shadowy altar of Dithmenos.
 10974 | D:11     | HP: 4/104 [freezing wraith (9)]
 10975 | D:11     | Reached XP level 12. HP: 4/112 MP: 11/11
 10985 | D:11     | Mangled by BinkBink's ghost

Illustrated notes

Levels and vault maps discovered:
D:1:      shiori_shiawase, layout_rooms
D:2:      layout_loops_ring
D:3:      layout_loops_ring, pdpol_wu_jian_five_deadly_venoms,
          mainiacjoe_overflow_tiny_flanked, hangedman_abyss_or_decor_stabs
D:4:      layout_basic, mainiacjoe_overflow_alcove_4, serial_shops,
          nicolae_take_the_stairs, minmay_misc_feat_five, uniq_sigmund,
          uniq_eustachio, uniq_natasha, uniq_duvessa, uniq_pikel, uniq_ijyb
D:5:      layout_rooms, okawaru_ov_weapons_minmay, lightli_sewer_entry_pipes,
          nicolae_sextant
D:6:      layout_loops_ring, nicolae_tso_carved_into_rock, enter_ossuary_5,
          uniq_crazy_yiuf_cottage, uniq_prince_ribbit1
D:7:      layout_basic, minmay_temple_entry_sparse_star, grunt_ministairs_7,
          kennysheep_generic_room_14
D:8:      layout_basic, jmf_multi_god_temple, special_room [special_room_orc],
          serial_curves, eino_curves_02, eino_curves_02, guppyfry_shop_venom
D:9:      minmay_tri_box, layout_loops_ring, mainiacjoe_overflow_cross_hatched,
          grunt_lair_entry_orc_guard_hut, orc_0_dummy, uniq_maurice, uniq_psyche
D:10:     layout_basic, mainiacjoe_overflow_24_doors, yredelemnul_altar_generic,
          serial_shops, nicolae_shop_back_alley_shop
D:11:     layout_stronghold, gammafunk_ghost_spectres,
          nicolae_trove_entry_free_sample, grunt_dithmenos_smoke_and_mirrors
Temple:   pdpol_scorched_temple

Skill      XL: |  1  2  3  4  5  6  7  8  9 10 11 |
---------------+----------------------------------+-----
Axes           | 4 5 6 8 9 10 12 14 16 | 16.7
Armour         | 1 2 3 4 5 6 8 10 11 | 11.7
Fighting       | 3 4 5 6 7 8 10 12 | 12.0
Throwing       | |  2.0
Dodging        | |  3.2

Action                     |  1- 3 |  4- 6 |  7- 9 | 10-12 || total
---------------------------+-------+-------+-------+-------++-------
  Melee: War axe           |    69 |    60 |   385 |       ||   514
         Headbutt          |     7 |    11 |    64 |    53 ||   135
         Punch             |       |       |     4 |       ||     4
         Battleaxe         |       |       |       |   344 ||   344
    Use: Scroll            |       |     8 |    13 |     2 ||    23
         Potion            |       |       |       |     2 ||     2
   Stab: Paralysed         |       |       |       |    21 ||    21
 Armour: Ring mail         |    38 |     2 |       |       ||    40
         Leather armour    |     2 |       |       |       ||     2
         Fire dragon scale |       |    60 |   226 |       ||   286
         Plate armour      |       |       |    25 |   368 ||   393
  Dodge: Dodged            |    47 |    50 |   165 |   125 ||   387

Table legend: (Time is in decaauts)
 A = Elapsed time spent in this place.
 B = Non-inter-level travel time spent in this place.
 C = Inter-level travel time spent in this place.
 D = Time resting spent in this place.
 E = Time spent auto-exploring this place.
 F = Levels seen in this place.
 G = Mean time per level.
                   A        B        C        D        E       F      G
               +--------+--------+--------+--------+--------+-----+--------+
         Total |  11075 |  10503 |    572 |   1479 |   7062 |  14 |  791.1 |
       Dungeon |   9776 |   9246 |    530 |    929 |   6673 |  11 |  888.7 |
        Temple |     42 |      1 |     41 |      0 |      0 |   1 |   42.0 |
         Sewer |    307 |    307 |      0 |      0 |    164 |   1 |  307.0 |
       Ossuary |    948 |    948 |      0 |    550 |    225 |   1 |  948.0 |
               +--------+--------+--------+--------+--------+-----+--------+

Top non-repeatable levels by time:
     D:6: 1236 daAuts
     D:8: 1157 daAuts
     D:3: 1106 daAuts
    D:11: 986 daAuts
     D:9: 960 daAuts
     D:7: 957 daAuts
 Ossuary: 948 daAuts
     D:4: 913 daAuts
     D:5: 797 daAuts
    D:10: 654 daAuts
     D:2: 630 daAuts
     D:1: 375 daAuts
   Sewer: 307 daAuts
  Temple: 42 daAuts
